 Dungeon Crawl Stone Soup version 0.24.0-13-gcf9b3192b9 (webtiles) character file.

Game seed: 1737206166324179134, levelgen mode: deterministic

851 Delamore the Cleaver (level 8, -11/64 HPs)
             Began as a Hill Orc Monk on Nov 5, 2019.
             Was a Priest of Beogh.
             Mangled by an ogre
             ... wielding a +0 giant club
              (25 damage)
             ... on level 5 of the Dungeon.
             The game lasted 00:08:58 (5599 turns).

Delamore the Cleaver (Hill Orc Monk)                Turns: 5599, Time: 00:08:59

Health: -11/64     AC:  5    Str: 16    XL:     8   Next: 1%
Magic:  8/8        EV: 13    Int: 10    God:    Beogh [***...]
Gold:   189        SH:  0    Dex: 13    Spells: 7/7 levels left

rFire    + . .     SeeInvis .   a - +0 hand axe
rCold    . . .     Gourm    .   (no shield)
rNeg     . . .     Faith    .   g - +2 robe {MR+}
rPois    .         Spirit   .   o - +0 helmet
rElec    .         Reflect  .   (no cloak)
rCorr    .         Harm     .   (no gloves)
MR       +....                  (no boots)
Stlth    ++........             (no amulet)
HPRegen  0.20/turn              q - ring of protection from fire
MPRegen  0.11/turn              (no ring)

@: no status effects
A: no striking features
a: Smiting, Renounce Religion


You were on level 5 of the Dungeon.
You worshipped Beogh.
Beogh was most pleased with you.
You were very hungry.

You visited 1 branch of the dungeon, and saw 5 of its levels.

You collected 189 gold pieces.

Inventory:

Hand Weapons
 a - a +0 hand axe (weapon)
 s - a +0 war axe
Missiles
 d - a curare-tipped dart (quivered)
Armour
 g - a +2 robe of magic resistance (worn)
 o - a +0 helmet (worn)
Jewellery
 q - a ring of protection from fire (left hand)
Scrolls
 b - 2 scrolls of amnesia {unknown}
 e - 7 scrolls of identify {unknown}
 i - 3 scrolls of enchant armour {unknown}
 j - a scroll of remove curse {unknown}
 k - a scroll of noise {unknown}
 l - a scroll of blinking {unknown}
 m - a scroll of teleportation {unknown}
 n - a scroll of random uselessness {unknown}
 p - a scroll of enchant weapon {unknown}
 r - a scroll of immolation {unknown}
Potions
 h - a potion of curing
 t - a potion of flight
Comestibles
 c - 6 rations


   Skills:
 - Level 3.6 Fighting
 + Level 9.6 Axes
 - Level 0.1 Throwing
 - Level 5.9 Armour
 - Level 2.4 Dodging
 - Level 1.5 Stealth
 + Level 0.2 Invocations


You had 7 spell levels left.
You didn't know any spells.
Your spell library was empty.

Dungeon Overview and Level Annotations

Branches:
Dungeon (5/15)
 Temple: D:4-7

Altars:
Dithmenos
Gozag
Xom

Shops:
D:3 *


Message History

You climb downwards.
There is a stone staircase leading up here.
You hit the gnoll.
The gnoll is moderately wounded.
You barely miss the gnoll. You hit the gnoll.
You hit the ogre but do no damage. The gnoll closely misses you.
The gnoll hits you with a +0 whip. The ogre misses you.
You barely miss the gnoll shaman. You closely miss the gnoll.
You hit the gnoll but do no damage. You barely miss the ogre.
The gnoll hits you. The gnoll closely misses you.
You hit the gnoll shaman but do no damage.
You closely miss the gnoll. x2; You hit the ogre.
The ogre barely misses you.
The gnoll shaman hits you with a +0 whip!
* * * LOW HITPOINT WARNING * * *
The gnoll misses you. The gnoll hits you but does no damage.
You hit the gnoll shaman.
The gnoll shaman is moderately wounded.
You barely miss the ogre. You hit the gnoll. x2
The ogre hits you with a +0 giant club!!
You die...

#.####..#..##.......####...###...
#.####..#..##.........##.........
#.......#..##.......#.###+####..#
#.###...#.....##.####.# #.# #..#
#.###...#.....##.####.###.####..#
####..>.........................|
#..................###.####...
#....#..##.##O###### #.# #...
#....#..##.##@g.######.####..#
####....#.....##gg...............
...)............g.........####...
.##.....###...........###.##.....
.##.....# #...........###.#....#.
.##.....# #...............#....#.
.#####+## #........####...#......
.# #.# #........# #...#......
.#####.#########...# #...#......


You could see an ogre, a gnoll shaman and 3 gnolls.

Vanquished Creatures
  Eustachio (D:5)
  Duvessa (D:4)
  A centaur (D:5)
  Dowan (D:4)
  A wyvern skeleton (D:3)
  A crimson imp (D:5)
  A hound (D:4)
  A bullfrog skeleton (D:5)
  A hound skeleton (D:4)
  A worker ant zombie (D:2)
  Robin (D:3)
  6 gnolls (D:4)
  12 adders
  A shadow imp (D:5)
  An ooze (D:2)
  2 adder skeletons (D:2)
  A worm (D:3)
  2 dart slugs
  13 orcs
  2 ball pythons (D:2)
  7 giant cockroaches
  15 goblins
  9 hobgoblins
  5 jackals (D:4)
  7 kobolds
  A quokka (D:3)
  11 bats
  5 frilled lizards
  3 rats
114 creatures vanquished.

Vanquished Creatures (others)
  A bat (D:3)
1 creature vanquished.

Grand Total: 115 creatures vanquished

Notes
Turn   | Place    | Note
-------+----------+-------------------------------------------
     0 | D:1      | Delamore the Hill Orc Monk began the quest for the Orb.
     0 | D:1      | Reached XP level 1. HP: 19/19 MP: 1/1
   589 | D:1      | Reached XP level 2. HP: 23/26 MP: 2/2
   602 | D:1      | Reached skill level 1 in Armour
  1331 | D:2      | Reached XP level 3. HP: 30/31 MP: 3/3
  1332 | D:2      | Reached skill level 5 in Axes
  1494 | D:2      | Reached XP level 4. HP: 31/39 MP: 4/4
  1985 | D:3      | Found a shimmering altar of Xom.
  1987 | D:3      | Found a shimmering altar of Xom.
  1987 | D:3      | Found a shimmering altar of Xom.
  1988 | D:3      | Found a shimmering altar of Xom.
  1988 | D:3      | Found a shimmering altar of Xom.
  1988 | D:3      | Found a shimmering altar of Xom.
  2144 | D:3      | Reached XP level 5. HP: 34/45 MP: 5/5
  2244 | D:3      | Reached skill level 6 in Axes
  2521 | D:3      | Found an opulent altar of Gozag.
  2523 | D:3      | Found Gozag's Platinum Reserve.
  2884 | D:3      | Found a shadowy altar of Dithmenos.
  2896 | D:3      | Became a worshipper of Beogh the Brigand
  2896 | D:3      | Reached * piety under Beogh
  2896 | D:3      | Reached ** piety under Beogh
  2967 | D:3      | Reached XP level 6. HP: 40/51 MP: 6/6
  3240 | D:3      | Noticed Robin
  3257 | D:3      | Killed Robin
  3438 | D:4      | Noticed Duvessa
  3438 | D:4      | Noticed Dowan
  3444 | D:4      | Killed Duvessa
  3444 | D:4      | Reached skill level 7 in Axes
  3444 | D:4      | Reached skill level 5 in Armour
  3657 | D:4      | Killed Dowan
  3705 | D:4      | Reached XP level 7. HP: 49/57 MP: 7/7
  4322 | D:5      | Entered Level 5 of the Dungeon
  4331 | D:5      | Reached *** piety under Beogh
  4423 | D:5      | Noticed Eustachio
  4453 | D:5      | Killed Eustachio
  4453 | D:5      | Reached skill level 8 in Axes
  4754 | D:5      | Reached skill level 9 in Axes
  5262 | D:5      | Reached XP level 8. HP: 54/64 MP: 8/8
  5599 | D:5      | Mangled by an ogre

Levels and vault maps discovered:
D:1:      giann_bridges, layout_basic
D:2:      layout_loops_ring, serial_undead, serial_undead_f, serial_undead_b,
          serial_undead_f, serial_undead_d, kennysheep_nub, minmay_door_square
D:3:      layout_loops_corners, nicolae_gozag_zags_fifth_avenue,
          xom_redecorated, nicolae_dithmenos_shadow_blocks,
          minmay_fractal_squares_gapless_5, uniq_robin
D:4:      lemuel_castle_with_subvaults [lemuel_castle_interior_carwin_3],
          layout_rooms, marbit_many_paths, kennysheep_mini, kennysheep_boxes,
          uniq_duvessa, uniq_grinder
D:5:      layout_basic, first_ration, hangedman_abyss_or_decor_lesser_grid,
          uniq_eustachio

Skill      XL: |  1  2  3  4  5  6  7 |
---------------+----------------------+-----
Armour         | 1 2 3 4 5 |  5.9
Axes           | 5 6 7 9 |  9.6
Fighting       | |  3.6
Throwing       | |  0.1
Dodging        | |  2.4
Stealth        | |  1.5
Invocations    | |  0.2

Action                   |  1- 3 |  4- 6 |  7- 9 || total
-------------------------+-------+-------+-------++-------
Melee: Hand axe          |    91 |   288 |   162 ||   541
Throw: Dart              |       |     3 |     5 ||     8
Invok: Convert to Beogh  |       |     1 |       ||     1
       Smiting           |       |       |     1 ||     1
  Use: Potion            |       |     3 |       ||     3
 Stab: Sleeping          |     2 |       |       ||     2
  Eat: Chunk             |     2 |     7 |     5 ||    14
Armor: Ring mail         |    34 |   105 |       ||   139
       Skin              |       |     4 |       ||     4
       Robe              |       |     4 |    52 ||    56
Dodge: Dodged            |    66 |   141 |   128 ||   335
